 Dungeon Crawl Stone Soup version bcrawl-1.40.3b (webtiles) character file.

Game seed: 5824172948790340759

379434 Amelense the Bludgeoner (level 11, -4/120 HPs)
             Began as an Ent Monk on Feb 6, 2024.
             Was a High Priest of Cheibriados.
             Slain by an orc knight
             ... wielding a +2 battleaxe
              (29 damage)
             ... in the Orcish Mines.
             The game lasted 01:11:14 (11577 turns).

Amelense the Bludgeoner (Ent Monk)                 Turns: 11577, Time: 01:11:15

Health: -4/120     AC: 28    Str: 34    XL:     11   Next: 85%
Magic:  0/15       EV: 14    Int: 23    God:    Cheibriados [*****.]
Gold:   710        SH:  0    Dex: 24    Spells: 12/15 levels left

rFire    + + .     GDR:     40% a - +2 flail (protect)
rCold    . . .     SeeInvis .   (no shield)
rNeg     + + +     Gourm    .   (armour unavailable)
rPois    +         Faith    .   b - +0 hat
rElec    .         Spirit   +   B - +2 cloak
rCorr    .         Reflect  .   (gloves unavailable)
MR       +....     Clarity  +   (boots unavailable)
Stlth    +++.......             c - amulet of guardian spirit
HPRegen  0.30/turn              n - ring of protection from fire
MPRegen  0.14/turn              N - ring of protection from fire

@: swift, protection aura, flying, very slightly contaminated, very slow
A: large, slow actions, passwall, strong branches, negative energy resistance 3,
poison resistance, slow metabolism 1, torment resistance, unbreathing, AC +18
a: Passwall, Bend Time, Defer, Temporal Distortion, Step From Time, Renounce
Religion


You were in the Orcish Mines.
You worshipped Cheibriados.
Cheibriados was extremely pleased with you.
You were hungry.

You visited 4 branches of the dungeon, and saw 12 of its levels.

You collected 1061 gold pieces.
You spent 351 gold pieces at shops.

Inventory:

Hand Weapons
 a - a +2 flail of protection (weapon)
 j - a +1 flail of distortion
 C - a +2 giant spiked club of electrocution
 I - a +1 flail of draining
 P - the +6 arbalest of Income {elec, +Fly rElec rC- Str+5, unknown}
   (You found it in the Orcish Mines)

   It charges the ammunition it shoots with electricity; occasionally upon a
   hit, such missiles may discharge and cause terrible harm.
   It affects your strength (+5).
   It makes you vulnerable to cold.
   It insulates you from electricity.
   It lets you fly.
Missiles
 H - 286 poisoned tomahawks (quivered)
Armour
 b - a +0 hat (worn)
 B - a +2 cloak (worn)
Magical Staves
 G - an uncursed staff of cold
Jewellery
 c - an amulet of guardian spirit (around neck)
 n - a ring of protection from fire (left hand)
 x - the ring of the Grey Skies {Ice MR+}
   (You found it on level 4 of the Dungeon)

   [ring of ice]

   It enhances your ice magic.
   It makes you vulnerable to fire.
   It protects you from cold.
   It affects your resistance to hostile enchantments.
 N - a ring of protection from fire (right hand)
 R - an uncursed ring of teleportation
Wands
 o - a wand of random effects (8)
 F - a wand of charming (5)
 J - a wand of flame (4)
 Q - a wand of iceblast (6)
 S - a wand of paralysis (7)
Scrolls
 i - 6 scrolls of identify
 k - a scroll of noise
 m - a scroll of revelation {unknown}
 v - a scroll of enchant armour
 y - 6 scrolls of remove curse
 A - a scroll of amnesia
 M - a scroll of immolation {unknown}
Potions
 g - 3 potions of curing
 h - a potion of cancellation {unknown}
 q - a potion of ambrosia {unknown}
 r - a potion of mutation {unknown}
 s - a potion of degeneration
 t - 2 potions of flight
 D - a potion of lignification {unknown}
Comestibles
 e - 8 rations {!d}
 f - 7 chunks of flesh


   Skills:
 + Level 8.0 Fighting
 * Level 18.7 Maces & Flails
 + Level 4.8 Dodging
 - Level 3.2 Stealth
 + Level 2.6 Spellcasting
 + Level 2.5 Charms
 + Level 3.7 Invocations


You had 12 spell levels left.
You knew the following spells:

 Your Spells              Type           Power        Failure   Level  Hunger
a - Regeneration          Chrm/Necr      #.........   22%         3    ####...

Your spell library contained the following spells:

 Spells                   Type           Power        Failure   Level  Hunger
 Slow                     Hex            #.......     12%         1    None
 Ensorcelled Hibernation  Hex/Ice        #.....       19%         2    ##.....
 Confuse                  Hex            #.......     36%         3    ####...
 Dazzling Orbs            Conj/Hex       #......      36%         3    ####...
 Recall                   Summ/Tloc      N/A          36%         3    ####...
 Tukima's Dance           Hex            #.......     36%         3    ####...
 Animate Dead             Necr           N/A          77%         4    #####..
 Cause Fear               Hex            #.........   77%         4    #####..
 Dispel Undead            Necr           #.......     98%         5    #######
 Death Channel            Chrm/Necr      #.........   100%        6    #######
 Simulacrum               Ice/Necr       #.......     100%        6    #######


Dungeon Overview and Level Annotations

Branches:
Dungeon (9/12)             Temple (1/1) D:7            Lair (1/6) D:8
    Orc (1/1) D:8
  Slime: Orc:1

Altars:
Ashenzari
Cheibriados
Dithmenos
Elyvilon
Fedhas
Gozag
Hepliaklqana
Lugonu
Makhleb
Nemelex Xobeh
Okawaru
Qazlal
Ru
Sif Muna
Trog
Uskayaw
Vehumet
Wu Jian
Xom
Yredelemnul
Zin
The Shining One
Jiyva

Shops:
Orc }?*

Annotations:
Orc exclusion: oklob plant


Innate Abilities, Weirdness & Mutations

You move and act slowly.
You can pass through walls and trees.
Your branches can wield two-handed weapons with a shield.
Your thick bark is tough. (AC +18)
You are too large for most types of armour.
You are immune to negative energy. (rN+++)
Your system is resistant to poisons. (rPois)
You have a slow metabolism.
You are immune to unholy pain and torment.
You can survive without breathing.


Message History

You thump the orc high priest!
The orc high priest is lightly wounded.
The hellwing hits you.
* * * LOW HITPOINT WARNING * * *
The hellwing hits you but does no damage.
The chaos spawn barely misses you.
The orc knight hits you with a +0 great sword.
* * * LOW HITPOINT WARNING * * *
Aiming: Iceblast
Press: ? - help, Shift-Dir - straight line The mass of ice explodes!
The iceblast engulfs the chaos spawn!
The chaos spawn is heavily wounded.
The iceblast engulfs the hellwing!
The hellwing is moderately wounded.
You hear a shout! x2
The hellwing hits you.
* * * LOW HITPOINT WARNING * * *
The hellwing barely misses you. The chaos spawn closely misses you.
The orc knight hits you with a +2 battleaxe!!
You die...

..#####.##..........#
...................##
..#####.##........##
#.##....#....##
#.##..........#
##.###........## # ##
#..##........## .#.##.
##.###.4oo...## ..o.oo
##..# #..@o.###
#.44oo##..## #.4....##
#4o..## #.......##
###### #....#.#.##
##############.....#...#
...................#..##
......................#
...........[.........##
....................##


You could see 2 orc knights, an orc high priest, a hellwing and a chaos spawn.

Vanquished Creatures
  An orc warlord (D:8)
  The ghost of Valeaz the Cleaver, a journeyman MiFi of Okawaru (Orc)
  A two-headed ogre (D:9)
  An orc high priest (Orc)
  A cyclops (Orc)
  2 orc sorcerers
  3 cane toads (Lair:1)
  An eye of draining (D:8)
  2 komodo dragons
  Maurice (D:8)
  4 polar bears (Lair:1)
  2 trolls (D:7)
  2 hippogriffs (Lair:1)
  A yak (D:8)
  A basilisk (Lair:1)
  3 wargs (Orc)
  A steam dragon (D:8)
  A crocodile (Lair:1)
  3 porcupines (Lair:1)
  A water moccasin (D:9)
  8 orc warriors
  2 sky beasts
  3 black bears (Lair:1)
  A necrophage (D:7)
  A hornet zombie (D:5)
  3 phantoms
  10 ogres
  2 bullfrogs (Lair:1)
  A kobold brigand (D:8)
  4 centaurs
  6 killer bees (D:8)
  A howler monkey (D:4)
  6 orc priests
  8 crimson imps
  2 jellies (D:8)
  2 bullfrog zombies
  5 hounds
  2 bullfrog skeletons
  A gnoll shaman (D:8)
  3 iguanas
  Terence (D:2)
  12 orc wizards
  6 worker ants
  2 hound skeletons
  A howler monkey skeleton (D:5)
  8 gnolls
  9 adders
  A shadow imp (D:4)
  An adder skeleton (D:4)
  2 worms (D:2)
  6 dart slugs
  6 leopard geckos
  60 orcs
  2 giant cockroaches
  6 goblins
  8 hobgoblins
  17 jackals
  6 quokkas
  2 ball pythons
  4 bats
  4 frilled lizards
  A jackal skeleton (D:6)
  16 kobolds
  3 rats (D:1)
  A fungus (Lair:1)
  8 plants
297 creatures vanquished.

Vanquished Creatures (others)
  An orc wizard (D:8)
  8 plants (D:8)
9 creatures vanquished.

Grand Total: 306 creatures vanquished

Notes
Turn   | Place    | Note
-------+----------+-------------------------------------------
     0 | D:1      | Amelense the Ent Monk began the quest for the Orb.
     0 | D:1      | Reached XP level 1. HP: 25/25 MP: 2/2
   327 | D:1      | Reached XP level 2. HP: 26/33 MP: 3/3
   330 | D:1      | Reached skill level 4 in Maces & Flails
   595 | D:1      | Found a sparkling altar of Nemelex Xobeh.
   972 | D:2      | Noticed Terence
   979 | D:2      | Reached XP level 3. HP: 28/42 MP: 2/4
  1275 | D:2      | Killed Terence
  1276 | D:2      | Reached skill level 5 in Maces & Flails
  1276 | D:2      | Reached XP level 4. HP: 50/51 MP: 5/5
  1584 | D:2      | Found a stormy altar of Qazlal.
  1742 | D:3      | Noticed a centaur
  1755 | D:3      | Killed a centaur
  1756 | D:3      | Reached XP level 5. HP: 32/58 MP: 6/6
  2079 | D:3      | Reached skill level 6 in Maces & Flails
  2222 | D:3      | Noticed a sky beast
  2235 | D:3      | Killed a sky beast
  2236 | D:3      | Reached XP level 6. HP: 68/68 MP: 7/7
  2792 | D:4      | Got a wavering pewter ring
  2795 | D:4      | Identified the ring of the Grey Skies {Ice MR+} (You found
                  | it on level 4 of the Dungeon)
  2863 | D:4      | Learned a level 3 spell: Regeneration
  2913 | D:4      | Found a shattered altar of Ashenzari.
  2970 | D:4      | Reached skill level 7 in Maces & Flails
  3178 | D:4      | Reached skill level 8 in Maces & Flails
  3178 | D:4      | Reached XP level 7. HP: 68/77 MP: 5/8
  3403 | D:5      | Entered Level 5 of the Dungeon
  3478 | D:5      | Reached skill level 9 in Maces & Flails
  3676 | D:5      | Found a burning altar of Makhleb.
  4004 | D:5      | Reached skill level 10 in Maces & Flails
  4004 | D:5      | Reached XP level 8. HP: 82/85 MP: 9/9
  4473 | D:6      | Reached skill level 11 in Maces & Flails
  4682 | D:6      | Found a snail-covered altar of Cheibriados.
  4691 | D:6      | Became a worshipper of Cheibriados the Contemplative
  4691 | D:6      | Reached * piety under Cheibriados
  4691 | D:6      | Reached ** piety under Cheibriados
  5234 | D:6      | Reached skill level 1 in Spellcasting
  6009 | D:7      | Reached *** piety under Cheibriados
  6010 | D:7      | Reached skill level 12 in Maces & Flails
  6041 | D:7      | Reached skill level 5 in Fighting
  6106 | D:7      | Noticed a troll
  6111 | D:7      | Killed a troll
  6112 | D:7      | Reached XP level 9. HP: 82/95 MP: 8/11
  6326 | D:7      | Found a staircase to the Ecumenical Temple.
  6329 | D:7      | Noticed a troll
  6339 | D:7      | Killed a troll
  6340 | D:7      | Reached skill level 13 in Maces & Flails
  6362 | Temple   | Entered the Ecumenical Temple
  7053 | D:8      | Noticed a komodo dragon
  7059 | D:8      | Killed a komodo dragon
  7060 | D:8      | Reached skill level 1 in Charms
  7133 | D:8      | Found a staircase to the Lair.
  7192 | D:8      | Reached skill level 14 in Maces & Flails
  7228 | D:8      | Found a staircase to the Orcish Mines.
  7258 | D:8      | Reached **** piety under Cheibriados
  7607 | D:8      | Noticed an eye of draining
  7610 | D:8      | Killed an eye of draining
  7611 | D:8      | Reached XP level 10. HP: 106/106 MP: 9/13
  7726 | D:8      | Noticed Maurice
  7737 | D:8      | Reached skill level 15 in Maces & Flails
  7743 | D:8      | Reached ***** piety under Cheibriados
  7762 | D:8      | Killed Maurice
  8023 | Orc      | Entered the Orcish Mines
  8023 | Orc      | Found Kyulezoo's Gadget Emporium.
  8023 | Orc      | Found a runed translucent door.
  8023 | Orc      | Noticed Valeaz's ghost (journeyman MiFi)
  8023 | Orc      | Noticed an orc warlord
  8023 | Orc      | Noticed an orc sorcerer
  8242 | D:8      | Noticed a rust devil
  8242 | D:8      | Killed an orc sorcerer
  8243 | D:8      | Reached skill level 16 in Maces & Flails
  8250 | D:8      | Killed an orc warlord
  8691 | D:9      | Noticed a two-headed ogre
  8699 | D:9      | Killed a two-headed ogre
  8700 | D:9      | Reached skill level 17 in Maces & Flails
  8704 | D:9      | Reached XP level 11. HP: 54/117 MP: 5/14
  9403 | Lair:1   | Entered Level 1 of the Lair of Beasts
 10718 | Orc      | Found a bloodstained altar of Trog.
 10757 | Orc      | Killed Valeaz's ghost
 10758 | Orc      | Reached skill level 18 in Maces & Flails
 10872 | Orc      | Got a jewelled arbalest
 11030 | Orc      | Found a viscous altar of Jiyva.
 11030 | Orc      | Noticed an oklob plant
 11084 | Orc      | Found Madurgha's Magic Scroll Emporium.
 11093 | Orc      | Bought a scroll of identify for 26 gold pieces
 11093 | Orc      | Bought a scroll of identify for 26 gold pieces
 11093 | Orc      | Bought a scroll of fear for 65 gold pieces
 11093 | Orc      | Bought a scroll of brand weapon for 234 gold pieces
 11256 | Orc      | Noticed a cyclops
 11265 | Orc      | Killed a cyclops
 11379 | Orc      | Noticed an orc sorcerer
 11380 | Orc      | Found Miff's General Store.
 11383 | Orc      | Noticed an orc sorcerer
 11384 | Orc      | Noticed an orc high priest
 11387 | Orc      | Noticed an orc high priest
 11389 | Orc      | Noticed a sun demon
 11391 | Orc      | Noticed an orc knight
 11536 | Orc      | Noticed an orc sorcerer
 11540 | Orc      | Paralysed by an orc sorcerer for 4 turns
 11542 | Orc      | Noticed an orc knight
 11547 | Orc      | Killed an orc sorcerer
 11548 | Orc      | Noticed an orc knight
 11554 | Orc      | Noticed an orc high priest
 11560 | Orc      | Killed an orc high priest
 11563 | Orc      | Noticed a sun demon
 11577 | Orc      | Slain by an orc knight

Skill      XL: |  1  2  3  4  5  6  7  8  9 10 11 |
---------------+----------------------------------+-----
Maces & Flails | 4 5 6 8 10 12 14 17 18 | 18.7
Dodging        | 3 4 |  4.8
Fighting       | 4 5 6 7 8 |  8.0
Stealth        | 3 |  3.2
Spellcasting   | 1 2 |  2.6
Charms         | 1 2 |  2.5
Invocations    | 3 |  3.7

Action                   |  1- 3 |  4- 6 |  7- 9 | 10-12 || total
-------------------------+-------+-------+-------+-------++-------
Melee: Mace              |   132 |    45 |       |       ||   177
       Spear             |     5 |       |       |       ||     5
       Flail             |       |   136 |   140 |    37 ||   313
       Giant spiked club |       |       |   191 |   167 ||   358
 Cast: Regeneration      |       |       |    13 |     7 ||    20
Invok: Bend Time         |       |       |       |    14 ||    14
Evoke: Wand              |       |       |       |     4 ||     4
  Use: Scroll            |     1 |     1 |     9 |    10 ||    21
       Potion            |     1 |     2 |     2 |     7 ||    12
 Stab: Sleeping          |     4 |     3 |     6 |     1 ||    14
       Invisible         |     6 |       |       |       ||     6
  Eat: Chunk             |     5 |    11 |     8 |     6 ||    30
       Ration            |       |       |     6 |     2 ||     8
Armor: Skin              |   136 |   183 |   354 |   244 ||   917
Dodge: Dodged            |   176 |   197 |   391 |   253 ||  1017
